 Dungeon Crawl Stone Soup version 0.21.1-1-g345015f (webtiles) character file.

107 diana the Slasher (level 4, 0/34 HPs)
             Began as a Demonspawn Gladiator on June 8, 2018.
             Slain by Lidrolic's ghost (13 damage)
             ... on level 3 of the Dungeon.
             The game lasted 00:01:59 (2451 turns).

diana the Slasher (Demonspawn Gladiator)            Turns: 2451, Time: 00:02:00

Health: 0/34       AC:  3    Str: 14    XL:     4   Next: 56%
Magic:  4/4        EV: 13    Int:  9    God:
Gold:   65         SH:  0    Dex: 16    Spells: 3/3 levels left

rFire    . . .     SeeInvis .   a - +0 long sword
rCold    . . .     Gourm    .   (no shield)
rNeg     . . .     Faith    .   b - +0 leather armour
rPois    .         Spirit   .   (helmet restricted)
rElec    .         Reflect  .   (no cloak)
rCorr    .         Harm     .   (no gloves)
MR       .....                  (no boots)
Stlth    +.........             (no amulet)
HPRegen  0.11/turn              (no ring)
MPRegen  0.09/turn              (no ring)

@: no status effects
A: antennae 1, hooves 1
a: no special abilities


You were on level 3 of the Dungeon.
You were very hungry.

You visited 1 branch of the dungeon, and saw 3 of its levels.

You collected 65 gold pieces.

Inventory:

Hand Weapons
 a - a +0 long sword (weapon)
Missiles
 d - 3 throwing nets (quivered)
Armour
 b - a +0 leather armour (worn)
 c - a +0 helmet
Scrolls
 e - 3 scrolls of teleportation {unknown}
 i - a scroll of enchant weapon {unknown}
 j - a scroll of amnesia {unknown}
 l - a scroll of random uselessness {unknown}
 n - a scroll of magic mapping {unknown}
 q - a scroll of fear {unknown}
 r - a scroll of identify {unknown}
Potions
 g - a potion of heal wounds {unknown}
 h - a potion of resistance {unknown}
 k - a potion of mutation {unknown}
 m - a potion of degeneration {unknown}
 o - a potion of brilliance {unknown}
 p - a potion of berserk rage {unknown}
 s - 2 potions of flight {unknown}
 t - a potion of curing {unknown}
Comestibles
 f - 4 rations


   Skills:
 + Level 2.7 Fighting
 * Level 3.7 Long Blades
 - Level 1.7 Throwing
 + Level 1.4 Armour
 + Level 3.2 Dodging


You had 3 spell levels left.
You didn't know any spells.

Dungeon Overview and Level Annotations

Branches:
Dungeon (3/15)

Altars:
Fedhas
Trog
Yredelemnul

Annotations:
D:3 Lidrolic's ghost, amateur HuFi


Innate Abilities, Weirdness & Mutations

You have a pair of small antennae on your head.
You have large cloven feet.


Message History

Lidrolic's ghost is heavily damaged.
You hit Lidrolic's ghost but do no damage.
You kick Lidrolic's ghost, but do no damage.
Lidrolic's ghost is heavily damaged.
Lidrolic's ghost closely misses you.
You hit Lidrolic's ghost but do no damage.
You kick Lidrolic's ghost, but do no damage.
Lidrolic's ghost is heavily damaged.
Lidrolic's ghost misses you.
You hit Lidrolic's ghost but do no damage.
Lidrolic's ghost is heavily damaged.
Lidrolic's ghost hits you!
You hit Lidrolic's ghost.
You kick Lidrolic's ghost, but do no damage.
Lidrolic's ghost is heavily damaged.
Lidrolic's ghost hits you.
You hit Lidrolic's ghost but do no damage.
Lidrolic's ghost is heavily damaged.
Lidrolic's ghost hits you. Lidrolic's ghost hits you!
You die...

#..r # #..[
.##... .....
###... .#.....
...>...####
.)....rW@.###
..#######...##
###..# ##.###
####...#
###.....##
#....#..#
##......#######
#.....<........


You could see Lidrolic's ghost and a rat.

Vanquished Creatures
  4 adders (D:2)
  A worm (D:2)
  2 dart slugs
  2 leopard geckos (D:1)
  A ball python (D:2)
  6 bats
  4 giant cockroaches
  6 goblins
  11 hobgoblins
  10 kobolds
  2 quokkas (D:2)
  4 frilled lizards (D:1)
  8 rats
61 creatures vanquished.

Notes
Turn   | Place    | Note
-------+----------+-------------------------------------------
     0 | D:1      | diana the Demonspawn Gladiator began the quest for the Orb.
     0 | D:1      | Reached XP level 1. HP: 16/16 MP: 1/1
   506 | D:1      | Gained mutation: You have large cloven feet. [demonic ancestry]
   506 | D:1      | Reached XP level 2. HP: 10/22 MP: 2/2
  1109 | D:1      | Gained mutation: You have a pair of small antennae on your head. [demonic ancestry]
  1109 | D:1      | Reached XP level 3. HP: 18/28 MP: 3/3
  1218 | D:1      | Reached skill level 1 in Armour
  1816 | D:2      | Reached XP level 4. HP: 15/34 MP: 4/4
  2081 | D:2      | Found a blossoming altar of Fedhas.
  2161 | D:2      | Found a bloodstained altar of Trog.
  2374 | D:2      | Found a basalt altar of Yredelemnul.
  2437 | D:3      | Noticed Lidrolic's ghost (amateur HuFi)
  2451 | D:3      | Slain by Lidrolic's ghost

Skill      XL: |  1  2  3 |
---------------+----------+-----
Long Blades    | 3 |  3.7
Dodging        | 3 |  3.2
Armour         | 1 |  1.4
Fighting       | |  2.7
Throwing       | |  1.7

Action                   |  1- 3 |  4- 6 || total
-------------------------+-------+-------++-------
Melee: Long sword        |   107 |    34 ||   141
       Kick              |    22 |    13 ||    35
  Eat: Chunk             |     2 |     2 ||     4
Armor: Leather armour    |    29 |     4 ||    33
Dodge: Dodged            |   101 |    20 ||   121
       Rpst.: Long sword |    34 |     6 ||    40
